 Dungeon Crawl Stone Soup version 0.23-a0-49-gd9f7a49 (webtiles) character file.

121 Amnesiac the Magician (level 4, -4/30 HPs)
             Began as a Mummy Earth Elementalist on Aug 6, 2018.
             Slain by a river rat (6 damage)
             ... in a sewer.
             The game lasted 00:02:59 (1561 turns).

Amnesiac the Magician (Mummy Earth Elementalist)    Turns: 1561, Time: 00:03:00

Health: -4/30      AC:  2    Str: 11    XL:     4   Next: 77%
Magic:  2/10       EV: 12    Int: 15    God:
Gold:   47         SH:  0    Dex: 12    Spells: 5/11 levels left

rFire    x . .     SeeInvis .   (no weapon)
rCold    + . .     Gourm    .   (no shield)
rNeg     + + +     Faith    .   c - +0 robe
rPois    ∞         Spirit   .   (no helmet)
rElec    .         Reflect  .   (no cloak)
rCorr    .         Harm     .   (no gloves)
MR       .....                  (no boots)
Stlth    +.........             (no amulet)
HPRegen  0.10/turn              d - ring of attention (curse)
MPRegen  0.12/turn              (no ring)

@: no status effects
A: no food or potions, fire vulnerability, cold resistance 1, negative energy
resistance 3, torment resistance, unbreathing
a: no special abilities


You were in a sewer.
You were not hungry.

You visited 1 branch of the dungeon, and saw 5 of its levels.
You also visited: Sewer.

You collected 47 gold pieces.

Inventory:

Missiles
 b - 51 stones (quivered)
Armour
 c - a +0 robe (worn)
Jewellery
 d - a cursed ring of attention (left hand)
Scrolls
 a - a scroll of noise {!r, unknown}
 e - a scroll of immolation {!r, unknown}
 f - a scroll of remove curse {!r, unknown}


   Skills:
 - Level 1.5 Dodging
 - Level 1.5 Stealth
 + Level 4.1 Spellcasting
 - Level 0.7 Transmutations
 * Level 4.0 Earth Magic


You had 5 spell levels left.
You knew the following spells:

 Your Spells              Type           Power        Failure   Level  Hunger
a - Sandblast             Erth           ###...       3%          1    N/A
b - Passwall              Tmut/Erth      ##......     10%         2    N/A
c - Stone Arrow           Conj/Erth      #.....       24%         3    N/A

Your spell library contained the following spells:

 Spells                   Type           Power        Failure   Level  Hunger
 Lee's Rapid Deconstruct  Erth           ###.......   67%         5    N/A
 Petrify                  Tmut/Erth      ##......     54%         4    N/A

Dungeon Overview and Level Annotations

Branches:
Dungeon (5/15)
 Temple: D:4-7

Altars:

Shops:
D:4 (


Innate Abilities, Weirdness & Mutations

You do not eat or drink.
Your flesh is vulnerable to fire.
You are immune to poison.
Your flesh is cold resistant. (rC+)
You are immune to negative energy. (rN+++)
You are immune to unholy pain and torment.
You can survive without breathing.


Message History

Confirm with . or Enter, or press ? or * to list all spells.
Aiming: Sandblast (safe; 3% risk of failure)
Press: ? - help, Shift-Dir - straight line, f/p - river rat
Aim: a river rat (moderately wounded)
The blast of sand hits the river rat.
The river rat is moderately wounded.
b - 56 stones The river rat bites you. x2
Casting: Sandblast (safe; 3% risk of failure)
Confirm with . or Enter, or press ? or * to list all spells.
Aiming: Sandblast (safe; 3% risk of failure)
Press: ? - help, Shift-Dir - straight line, f/p - river rat
Aim: a river rat (moderately wounded)
The blast of sand hits the river rat.
The river rat is moderately wounded.
b - 55 stones The river rat misses you.
The river rat barely misses you. The rat bites you.
Casting: Sandblast (safe; 3% risk of failure)
Confirm with . or Enter, or press ? or * to list all spells.
Aiming: Sandblast (safe; 3% risk of failure)
Press: ? - help, Shift-Dir - straight line, f/p - river rat
Aim: a river rat (moderately wounded)
The blast of sand hits the river rat.
The river rat is almost dead.
b - 54 stones The river rat bites you!
* * * LOW HITPOINT WARNING * * *
The river rat closely misses you.
The rat splashes around in the water.
You see here a ration.
Casting: Sandblast (safe; 3% risk of failure)
Confirm with . or Enter, or press ? or * to list all spells.
Aiming: Sandblast (safe; 3% risk of failure)
Press: ? - help, Shift-Dir - straight line, f/p - river rat
Aim: a river rat (almost dead)
The blast of sand hits the river rat.
The river rat is almost dead.
b - 53 stones The river rat bites you.
* * * LOW HITPOINT WARNING * * *
The river rat closely misses you.
Unknown command.
Casting: Sandblast (safe; 3% risk of failure)
Confirm with . or Enter, or press ? or * to list all spells.
Aiming: Sandblast (safe; 3% risk of failure)
Press: ? - help, Shift-Dir - straight line, f/p - river rat
Aim: a river rat (almost dead)
The blast of sand misses the river rat.
b - 52 stones The river rat bites you!
* * * LOW HITPOINT WARNING * * *
The rat closely misses you. The river rat barely misses you.
Unknown command.
Unknown command.
Casting: Sandblast (safe; 3% risk of failure)
Confirm with . or Enter, or press ? or * to list all spells.
Aiming: Sandblast (safe; 3% risk of failure)
Press: ? - help, Shift-Dir - straight line, f/p - river rat
Aim: a river rat (almost dead)
The blast of sand hits the river rat.
The river rat is almost dead.
b - 51 stones The river rat closely misses you.
The rat barely misses you. The river rat bites you.
You die...

####################..
###.#≈≈≈≈≈≈≈≈≈≈≈≈≈≈≈....
##....≈≈≈≈≈≈≈.r.†÷≈≈≈≈...
##....≈≈≈≈≈≈≈≈.@r≈≈≈≈≈....
#.....≈≈≈≈≈≈≈≈..r≈≈≈≈≈≈...
#......≈≈≈≈≈≈≈≈≈≈≈≈≈≈≈....
#.....#≈≈≈≈≈≈≈≈≈#≈≈≈≈≈..##
#....####################
##...#### #....#!!#
#....'!!# #...#####


You could see 2 river rats and a rat.

Vanquished Creatures
  A worker ant (D:5)
  3 adders
  3 river rats (Sewer)
  2 oozes (Sewer)
  A dart slug (D:1)
  2 leopard geckos
  2 orcs
  2 bats
  2 goblins
  5 ball pythons
  2 frilled lizards
  18 rats (Sewer)
43 creatures vanquished.

Notes
Turn   | Place    | Note
-------+----------+-------------------------------------------
     0 | D:1      | Amnesiac the Mummy Earth Elementalist began the quest for the Orb.
     0 | D:1      | Reached XP level 1. HP: 13/13 MP: 4/4
   141 | D:2      | Reached XP level 2. HP: 19/19 MP: 3/5
   145 | D:2      | Learned a level 2 spell: Passwall
   381 | D:5      | Entered Level 5 of the Dungeon
   461 | D:4      | Found Tyishoq's Weapon Shoppe.
   468 | D:4      | Reached XP level 3. HP: 20/24 MP: 4/7
   474 | D:4      | Learned a level 3 spell: Stone Arrow
   549 | D:5      | Reached XP level 4. HP: 30/30 MP: 1/9
   556 | D:5      | Found a glowing drain.
   593 | Sewer    | Entered a sewer
  1561 | Sewer    | Slain by a river rat

Vault maps used:
D:1:      dpeg_arrival_pond, nrook_mini_backslash
D:2:      chequers_ecumenical_altar_island, uniq_sigmund
D:3:      lemuel_round_altar, elyvilon_altar_4, item_on_display_a, uniq_ijyb
D:4:      minmay_temple_entry_poolview, serial_shops, nicolae_shop_waterfront
D:5:      lemuel_zombie_altar_yredelemnul, first_ration, portal_sewer_entry_f
Sewer:    sewer_minmay_w

Skill      XL: |  1  2  3  4 |
---------------+-------------+-----
Spellcasting   | 3 4 |  4.1
Earth Magic    | 3 4 |  4.0
Dodging        | |  1.5
Stealth        | |  1.5
Transmutations | |  0.7

Action                   |  1- 3 |  4- 6 || total
-------------------------+-------+-------++-------
Melee: Unarmed           |     4 |    85 ||    89
 Cast: Sandblast         |    21 |    40 ||    61
       Stone Arrow       |     1 |     3 ||     4
       Passwall          |       |     1 ||     1
Armor: Robe              |     1 |    23 ||    24
Dodge: Dodged            |     8 |    99 ||   107

Table legend:
 A = Spawn XP
 B = Non-spawn XP
 C = Spawn XP percentage of total XP
 D = Spawn monster count
 E = Non-spawn monster count
 F = Spawn count percentage of total count
 G = Total turns spent on level
                    A         B        C        D         E        F      G
               +---------+---------+-------+---------+---------+-------+---------
         Total |       0 |     174 |   0.0 |       0 |      43 |   0.0 |  1561
               +---------+---------+-------+---------+---------+-------+---------
           D:1 |       0 |      11 |   0.0 |       0 |       4 |   0.0 |   122
           D:2 |       0 |       1 |   0.0 |       0 |       1 |   0.0 |    43
           D:3 |       0 |      18 |   0.0 |       0 |       3 |   0.0 |   209
           D:4 |       0 |      20 |   0.0 |       0 |       4 |   0.0 |   126
           D:5 |       0 |      48 |   0.0 |       0 |       4 |   0.0 |    93
         Sewer |       0 |      76 |   0.0 |       0 |      27 |   0.0 |   968
               +---------+---------+-------+---------+---------+-------+---------
